AoeStats
← Leyeb

Arena

510257727Analyzed
1v1 RM · 2d ago on Sep 30, 2026· 48m 18s· 2 players
Game mode
Random Map
Map size
Tiny (2 player)
Population
200
Speed
Normal
Resources
Standard
Victory
Conquest
Starting age
Dark Age
Ending age
Imperial Age
RankedLock teamsTeams togetherTeam positionsShared explorationLock speedFull tech treeHidden civsTurbo modeCheats
Victory
Defeat
🇨🇳 Bengalis · China
1251
+16
🇫🇷 Khmer · France
1249
-16
franlaure
10:27 Feudal Age
14:48 Castle Age
17:09 Loom
17:11 Horse Collar
21:17 Double-Bit Axe
22:01 Gold Mining
23:49 Wheelbarrow
23:06 Town Watch
24:35 Pikeman
27:08 Forging
28:01 Fletching
31:58 Imperial Age
30:06 Bow Saw
30:14 Bodkin Arrow
30:34 Heavy Plow
31:33 Gold Shaft Mining
31:40 Bloodlines
31:49 Scale Mail Armor
32:51 Chain Mail Armor
32:32 Halberdier
34:05 Conscription
35:15 Double Crossbow
36:05 Hand Cart
36:25 Bracer
36:19 Capped Ram
37:46 Husbandry
38:10 Elite Ballista Elephant
40:25 Hoardings
41:25 Iron Casting
42:45 Stone Mining
43:26 Siege Ram
43:37 Onager
45:37 Blast Furnace
45:06 Masonry
46:10 Ballistics
47:36 Architecture
Leyeb
8:52 Feudal Age
14:12 Castle Age
12:53 Stone Mining
13:02 Stone Mining
13:00 Loom
16:47 Town Watch
22:21 Double-Bit Axe
23:51 Horse Collar
24:03 Town Watch
25:04 Wheelbarrow
25:53 Bow Saw
26:03 Gold Mining
27:36 Gold Shaft Mining
30:18 Imperial Age
29:35 Hand Cart
29:42 Heavy Plow
29:54 Forging
29:50 Scale Barding Armor
31:40 Conscription
31:24 Husbandry
31:34 Bloodlines
31:24 Husbandry
31:35 Bloodlines
31:25 Husbandry
32:23 Bloodlines
33:36 Two-Man Saw
34:14 Iron Casting
33:59 Chain Barding Armor
34:14 Iron Casting
33:52 Paiks
34:02 Elite Battle Elephant
35:05 Block Printing
35:02 Fervor
35:18 Illumination
35:46 Crop Rotation
36:12 Theocracy
36:42 Sanctity
36:23 Devotion
38:30 Mahayana
39:28 Blast Furnace
39:03 Plate Barding Armor
39:28 Blast Furnace
38:10 Onager
43:36 Atonement
43:54 Herbal Medicine
44:30 Siege Elephant
46:02 Arrowslits
46:22 Siege Engineers
46:28 Masonry
46:40 Ballistics
46:29 Siege Engineers
46:10 Arrowslits
46:35 Masonry
48:01 Redemption
Connection lost

Rejoining the realm…

Still unreachable

The connection could not be restored.

Session expired

The server has moved on; the page needs a fresh start.